TOP OF THE 1ST |
Watertown Headhunters batting - Pitching for Logan Swans : LHP Homer Bryan
|
Pitching: LHP Homer Bryan
|
|
Batting: RHB Daniel Martínez
|
0-0: Ball 1-0: Foul Ball, location: 2F 1-1: Called Strike 1-2: Hit by Pitch
|
Pinch Runner at 1st Roberto Chávez:
|
|
Batting: RHB Ira Ross
|
0-0: Ball 1-0: Foul Ball, location: 2F 1-1: Ball 2-1: SINGLE (Groundball, 6M) Roberto Chávez to second Runner from 2nd tries for 3rd, OUT! Ira Ross to second
|
Batting: RHB Luis Quezada
|
0-0: Ball 1-0: Fly out, F8 (Flyball, 78XD) Runner from 2nd tags up, SAFE at 3rd, no throw
|
Batting: LHB Wally Harris
|
0-0: Ball 1-0: Ball 2-0: Called Strike 2-1: Called Strike 2-2: Ball 3-2: Foul Ball, location: 2F 3-2: Ground out 4-3 (Groundball, 34)
|
Top of the 1st over - 0 run(s), 1 hit(s), 0 error(s), 1 left on base; Watertown 0 - Logan 0 |
BOTTOM OF THE 1ST |
Logan Swans batting - Pitching for Watertown Headhunters : RHP Craig Smith
|
Pitching: RHP Craig Smith
|
|
Now at C: Roberto Chávez
|
|
Batting: RHB Nick Crosby
|
0-0: Fly out, F3 (Popup, 3F)
|
Batting: RHB Jeremy Camanho
|
0-0: Called Strike 0-1: Ball 1-1: Swinging Strike 1-2: Strikes out swinging
|
Batting: LHB José Diharce
|
0-0: Swinging Strike 0-1: Foul Ball, location: 2F 0-2: Foul Ball, location: 2F 0-2: Fly out, F8 (Popup, 4MD)
|
Bottom of the 1st over - 0 run(s), 0 hit(s), 0 error(s), 0 left on base; Watertown 0 - Logan 0 |
TOP OF THE 2ND |
Watertown Headhunters batting - Pitching for Logan Swans : LHP Homer Bryan
|
Batting: LHB Burt Ward
|
0-0: Foul Ball, location: 2F 0-1: Ball 1-1: Swinging Strike 1-2: Ball 2-2: SINGLE (Line Drive, 34)
|
Batting: LHB Jorge Luna
|
0-0: Ball Burt Ward is caught stealing 2nd base 1-0: Ball 2-0: Foul Ball, location: 2F 2-1: Ground out 6-3 (Groundball, 6M)
|
Batting: RHB José Maldonado
|
0-0: Ball 1-0: Called Strike 1-1: Called Strike 1-2: Strikes out swinging
|
Top of the 2nd over - 0 run(s), 1 hit(s), 0 error(s), 0 left on base; Watertown 0 - Logan 0 |
BOTTOM OF THE 2ND |
Logan Swans batting - Pitching for Watertown Headhunters : RHP Craig Smith
|
Batting: RHB Carlos Jiménez
|
0-0: Foul Ball, location: 2F 0-1: Called Strike 0-2: Ball 1-2: SOLO HOME RUN (Flyball, 9D), Distance : 381 ft
|
Batting: RHB Adrián Barrera
|
0-0: Ball 1-0: Ground out 5-3 (Groundball, 5)
|
Batting: SHB Bob Brock
|
0-0: Swinging Strike 0-1: Ball 1-1: Swinging Strike 1-2: Strikes out swinging
|
Batting: LHB Homer Bryan
|
0-0: Called Strike 0-1: SINGLE (Line Drive, 8RS)
|
Batting: RHB Emílio Valdés
|
0-0: Foul Ball, location: 2F 0-1: Called Strike 0-2: Ball 1-2: Strikes out swinging
|
Bottom of the 2nd over - 1 run(s), 2 hit(s), 0 error(s), 1 left on base; Watertown 0 - Logan 1 |
TOP OF THE 3RD |
Watertown Headhunters batting - Pitching for Logan Swans : LHP Homer Bryan
|
Batting: RHB Andrew Deal
|
0-0: Bunt for hit - play at first, batter OUT! 1-3
|
Batting: RHB Joe Salas
|
0-0: Ball 1-0: Foul Ball, location: 2F 1-1: Called Strike 1-2: Foul Ball, location: 2F 1-2: Ball 2-2: SINGLE (Line Drive, 7S)
|
Batting: RHB Roberto Chávez
|
0-0: Foul Ball, location: 2F 0-1: Called Strike 0-2: Foul Ball, location: 2F 0-2: Ball Passed Ball! Joe Salas to second 1-2: Foul Ball, location: 2F 1-2: Ball 2-2: Ball Passed Ball! Joe Salas to third 3-2: Base on Balls
|
Batting: RHB Ira Ross
|
0-0: Swinging Strike 0-1: Ball 1-1: Ball 2-1: Ball 3-1: Called Strike 3-2: SINGLE (Groundball, 25) (infield hit) Roberto Chávez to second
|
Batting: RHB Luis Quezada
|
0-0: Called Strike 0-1: Ball 1-1: Ball 2-1: Foul Ball, location: 2F 2-2: Strikes out swinging
|
Batting: LHB Wally Harris
|
0-0: Ball 1-0: Swinging Strike 1-1: Swinging Strike 1-2: SINGLE (Line Drive, 89S) Joe Salas scores Roberto Chávez to third Ira Ross to second Throwing error, E9 Roberto Chávez scores Ira Ross to third Wally Harris to second
|
Batting: LHB Burt Ward
|
0-0: Called Strike 0-1: Foul Ball, location: 2F 0-2: Ball 1-2: Ball 2-2: DOUBLE (Line Drive, 89M) Ira Ross scores Wally Harris scores
|
Batting: LHB Jorge Luna
|
0-0: Foul Ball, location: 2F 0-1: Ball 1-1: Called Strike 1-2: Foul Ball, location: 2F 1-2: Ball 2-2: Strikes out looking
|
Top of the 3rd over - 4 run(s), 4 hit(s), 1 error(s), 1 left on base; Watertown 4 - Logan 1 |
BOTTOM OF THE 3RD |
Logan Swans batting - Pitching for Watertown Headhunters : RHP Craig Smith
|
Batting: RHB Armando Rodríguez
|
0-0: Foul Ball, location: 2F 0-1: Ball 1-1: Foul Ball, location: 2F 1-2: Foul Ball, location: 2F 1-2: Foul Ball, location: 2F 1-2: Strikes out swinging
|
Batting: RHB Nick Crosby
|
0-0: Ball 1-0: Ball 2-0: Ball 3-0: Called Strike 3-1: Foul Ball, location: 2F 3-2: Ground out 1-3 (Groundball, 23)
|
Batting: RHB Jeremy Camanho
|
0-0: Ball 1-0: Called Strike 1-1: Called Strike 1-2: Ball 2-2: Foul Ball, location: 2F 2-2: Ground out 4-3 (Groundball, 4)
|
Bottom of the 3rd over - 0 run(s), 0 hit(s), 0 error(s), 0 left on base; Watertown 4 - Logan 1 |
TOP OF THE 4TH |
Watertown Headhunters batting - Pitching for Logan Swans : LHP Homer Bryan
|
Batting: RHB José Maldonado
|
0-0: Ball 1-0: Ball 2-0: Ground out 5-3 (Groundball, 5)
|
Batting: RHB Andrew Deal
|
0-0: Ball 1-0: Called Strike 1-1: Foul Ball, location: 2F 1-2: Foul Ball, location: 2F 1-2: Ground out 5-3 (Groundball, 5)
|
Batting: RHB Joe Salas
|
0-0: Ball 1-0: Swinging Strike 1-1: Ball 2-1: Fly out, F9 (Flyball, 9LS)
|
Top of the 4th over - 0 run(s), 0 hit(s), 0 error(s), 0 left on base; Watertown 4 - Logan 1 |
BOTTOM OF THE 4TH |
Logan Swans batting - Pitching for Watertown Headhunters : RHP Craig Smith
|
Batting: LHB José Diharce
|
0-0: Called Strike 0-1: Ball 1-1: Foul Ball, location: 2F 1-2: Foul Ball, location: 2F 1-2: Ball 2-2: Strikes out swinging
|
Batting: RHB Carlos Jiménez
|
0-0: Called Strike 0-1: Ball 1-1: Foul Ball, location: 2F 1-2: Reached on error, E5 (Groundball, 5)
|
Batting: RHB Adrián Barrera
|
0-0: Called Strike 0-1: Foul Ball, location: 2F 0-2: Ball 1-2: Strikes out looking
|
Batting: SHB Bob Brock
|
0-0: Called Strike 0-1: Ball 1-1: Ground out 4-3 (Groundball, 34)
|
Bottom of the 4th over - 0 run(s), 0 hit(s), 1 error(s), 1 left on base; Watertown 4 - Logan 1 |
TOP OF THE 5TH |
Watertown Headhunters batting - Pitching for Logan Swans : LHP Homer Bryan
|
Batting: RHB Roberto Chávez
|
0-0: Ball 1-0: Ground out 6-3 (Groundball, 6M)
|
Batting: RHB Ira Ross
|
0-0: Ball 1-0: Called Strike 1-1: Fly out, F5 (Line Drive, 5)
|
Batting: RHB Luis Quezada
|
0-0: Ball 1-0: Ground out 5-3 (Groundball, 5)
|
Top of the 5th over - 0 run(s), 0 hit(s), 0 error(s), 0 left on base; Watertown 4 - Logan 1 |
BOTTOM OF THE 5TH |
Logan Swans batting - Pitching for Watertown Headhunters : RHP Craig Smith
|
Batting: LHB Homer Bryan
|
0-0: Ball 1-0: Ball 2-0: Ground out 4-3 (Groundball, 4M)
|
Batting: RHB Emílio Valdés
|
0-0: Foul Ball, location: 2F 0-1: Ground out 6-3 (Groundball, 6)
|
Batting: RHB Armando Rodríguez
|
0-0: Fly out, F7 (Line Drive, 78M)
|
Bottom of the 5th over - 0 run(s), 0 hit(s), 0 error(s), 0 left on base; Watertown 4 - Logan 1 |
TOP OF THE 6TH |
Watertown Headhunters batting - Pitching for Logan Swans : LHP Homer Bryan
|
Batting: LHB Wally Harris
|
0-0: Called Strike 0-1: Ball 1-1: SINGLE (Groundball, 13S) (infield hit)
|
Batting: LHB Burt Ward
|
0-0: Ball 1-0: Ball 2-0: Called Strike 2-1: SINGLE (Line Drive, 4MD) Wally Harris to second
|
Batting: LHB Jorge Luna
|
0-0: Ball 1-0: Called Strike 1-1: Ball 2-1: Ball 3-1: Fielders Choice at 2nd, 3-6 (Groundball, 3) Wally Harris to third
|
Batting: RHB José Maldonado
|
0-0: Ball 1-0: Ball Passed Ball! Wally Harris scores Jorge Luna to second 2-0: Fly out, F7 (Line Drive, 78M)
|
Batting: RHB Andrew Deal
|
0-0: Ball 1-0: Fly out, F8 (Flyball, 8RS)
|
Top of the 6th over - 1 run(s), 2 hit(s), 0 error(s), 1 left on base; Watertown 5 - Logan 1 |
BOTTOM OF THE 6TH |
Logan Swans batting - Pitching for Watertown Headhunters : RHP Craig Smith
|
Batting: RHB Nick Crosby
|
0-0: Called Strike 0-1: Ball 1-1: Ground out 4-3 (Groundball, 4M)
|
Batting: RHB Jeremy Camanho
|
0-0: Ground out 5-3 (Groundball, 56)
|
Batting: LHB José Diharce
|
0-0: Ball 1-0: Ball 2-0: Called Strike 2-1: Called Strike 2-2: Ball 3-2: Foul Ball, location: 2F 3-2: Base on Balls
|
Batting: RHB Carlos Jiménez
|
0-0: Swinging Strike 0-1: Foul Ball, location: 2F 0-2: Strikes out looking
|
Bottom of the 6th over - 0 run(s), 0 hit(s), 0 error(s), 1 left on base; Watertown 5 - Logan 1 |
TOP OF THE 7TH |
Watertown Headhunters batting - Pitching for Logan Swans : LHP Homer Bryan
|
Batting: RHB Joe Salas
|
0-0: Called Strike 0-1: Ball 1-1: Foul Ball, location: 2F 1-2: Foul Ball, location: 2F 1-2: Foul Ball, location: 2F 1-2: SINGLE (Groundball, 6D) (infield hit)
|
Batting: RHB Roberto Chávez
|
0-0: Ball 1-0: Bunted foul 1-1: Bunted foul 1-2: Foul Ball, location: 2F 1-2: Hit by Pitch Joe Salas to second
|
Pinch Runner at 1st Emory Brooks:
|
|
Batting: RHB Ira Ross
|
0-0: Grounds into double play, 6-4-3 (Groundball, 6) Joe Salas to third
|
Batting: RHB Luis Quezada
|
0-0: Ball 1-0: Fly out, F7 (Line Drive, 7LM)
|
Top of the 7th over - 0 run(s), 1 hit(s), 0 error(s), 1 left on base; Watertown 5 - Logan 1 |
BOTTOM OF THE 7TH |
Logan Swans batting - Pitching for Watertown Headhunters : RHP Craig Smith
|
Pitching: RHP Ricardo Gutiérrez
|
|
Now at C: Emory Brooks
|
|
Batting: RHB Adrián Barrera
|
0-0: Called Strike 0-1: Foul Ball, location: 2F 0-2: Strikes out swinging
|
Batting: SHB Bob Brock
|
0-0: Called Strike 0-1: Ball 1-1: Ball 2-1: Ball 3-1: Base on Balls
|
Batting: LHB Homer Bryan
|
0-0: Ball 1-0: Ball 2-0: Called Strike 2-1: Foul Ball, location: 2F 2-2: Strikes out looking
|
Batting: RHB Emílio Valdés
|
0-0: Called Strike 0-1: Swinging Strike 0-2: Strikes out swinging
|
Bottom of the 7th over - 0 run(s), 0 hit(s), 0 error(s), 1 left on base; Watertown 5 - Logan 1 |
TOP OF THE 8TH |
Watertown Headhunters batting - Pitching for Logan Swans : LHP Homer Bryan
|
Batting: LHB Wally Harris
|
0-0: Called Strike 0-1: Ball 1-1: Called Strike 1-2: Ball 2-2: Foul Ball, location: 2F 2-2: Foul Ball, location: 2F 2-2: Strikes out looking
|
Pitching: RHP Chico Fuzeiro
|
|
Batting: LHB Burt Ward
|
0-0: Called Strike 0-1: Ball 1-1: Ball 2-1: Swinging Strike 2-2: Foul Ball, location: 2F 2-2: Strikes out looking
|
Batting: LHB Jorge Luna
|
0-0: Called Strike 0-1: Ball 1-1: Ball 2-1: Ball 3-1: Base on Balls
|
Batting: RHB José Maldonado
|
0-0: Swinging Strike 0-1: SINGLE (Groundball, 56D) Jorge Luna to second
|
Batting: RHB Andrew Deal
|
0-0: Ball 1-0: 3-RUN HOME RUN (Flyball, 78XD), Distance : 420 ft
|
Batting: RHB Joe Salas
|
0-0: Ball 1-0: Ball 2-0: SINGLE (Line Drive, 89S)
|
Batting: RHB Emory Brooks
|
0-0: Foul Ball, location: 2F 0-1: Swinging Strike Passed Ball! Joe Salas to second 0-2: Ball 1-2: 2-RUN HOME RUN (Flyball, 7D), Distance : 399 ft
|
Batting: RHB Ira Ross
|
0-0: Foul Ball, location: 2F 0-1: Ball 1-1: Ball 2-1: Ball 3-1: Base on Balls
|
Batting: RHB Luis Quezada
|
0-0: Ball 1-0: Swinging Strike 1-1: Ball 2-1: Called Strike 2-2: Strikes out looking
|
Top of the 8th over - 5 run(s), 4 hit(s), 0 error(s), 1 left on base; Watertown 10 - Logan 1 |
BOTTOM OF THE 8TH |
Logan Swans batting - Pitching for Watertown Headhunters : RHP Ricardo Gutiérrez
|
Batting: RHB Armando Rodríguez
|
0-0: Ball 1-0: SINGLE (Groundball, 56D)
|
Batting: RHB Nick Crosby
|
0-0: Called Strike 0-1: Called Strike 0-2: SINGLE (Groundball, 6MD) Armando Rodríguez to second
|
Batting: RHB Jeremy Camanho
|
0-0: SINGLE (Line Drive, 4D) Armando Rodríguez to third Nick Crosby to second
|
Batting: LHB José Diharce
|
0-0: Ball 1-0: Ball 2-0: SINGLE (Line Drive, 7LS) Armando Rodríguez scores Nick Crosby to third Jeremy Camanho to second Runner from 3rd tries for Home, SAFE, throw made at trailing runner, OUT at third!
|
Batting: RHB Carlos Jiménez
|
0-0: Ball 1-0: Foul Ball, location: 2F 1-1: Foul Ball, location: 2F 1-2: Foul Ball, location: 2F 1-2: Ball 2-2: Fly out, F9 (Flyball, 9M)
|
Batting: RHB Adrián Barrera
|
0-0: Ball 1-0: SINGLE (Groundball, 6) José Diharce to second
|
Batting: SHB Bob Brock
|
0-0: Ball 1-0: Ground out U3 (Groundball, 3L)
|
Bottom of the 8th over - 2 run(s), 5 hit(s), 0 error(s), 2 left on base; Watertown 10 - Logan 3 |
TOP OF THE 9TH |
Watertown Headhunters batting - Pitching for Logan Swans : RHP Chico Fuzeiro
|
Pitching: RHP Jesús Delgado
|
|
Batting: LHB Wally Harris
|
0-0: Called Strike 0-1: Ball 1-1: SINGLE (Flyball, 6D)
|
Batting: LHB Burt Ward
|
0-0: Called Strike Wally Harris steals 2nd base 0-1: SINGLE (Line Drive, 8LS) Wally Harris to third
|
Batting: LHB Jorge Luna
|
0-0: Ball 1-0: Ball Burt Ward steals 2nd base Reached via error on a dropped throw, E3 Wally Harris scores Burt Ward to third
|
Batting: RHB José Maldonado
|
0-0: Grounds into double play, U6-3 (Groundball, 6M) Burt Ward scores
|
Batting: RHB Andrew Deal
|
0-0: Foul Ball, location: 2F 0-1: Called Strike 0-2: Strikes out swinging
|
Top of the 9th over - 2 run(s), 2 hit(s), 1 error(s), 0 left on base; Watertown 12 - Logan 3 |
BOTTOM OF THE 9TH |
Logan Swans batting - Pitching for Watertown Headhunters : RHP Ricardo Gutiérrez
|
Batting: LHB Homer Bryan
|
0-0: Called Strike 0-1: Ball 1-1: Foul Ball, location: 2F 1-2: Fly out, F3 (Line Drive, 34S)
|
Batting: RHB Emílio Valdés
|
0-0: Ball 1-0: Foul Ball, location: 2F 1-1: Ball 2-1: Swinging Strike 2-2: Strikes out swinging
|
Batting: RHB Armando Rodríguez
|
0-0: Ball 1-0: Ground out 5-3 (Groundball, 56)
|
Bottom of the 9th over - 0 run(s), 0 hit(s), 0 error(s), 0 left on base; Watertown 12 - Logan 3 |
|